 Dungeon Crawl Stone Soup version 0.26-a0-663-g36e8fdb655 (webtiles) character file.

Game seed: 5866152901047179844

2069 heikuro the Spear-Bearer (level 9, -1/71 HPs)
             Began as a Formicid Abyssal Knight on Oct 11, 2020.
             Was an Elder of Lugonu.
             Slain by an orc warrior
             ... wielding a +0 war axe
              (14 damage)
             ... in a bailey.
             The game lasted 00:16:12 (9549 turns).

heikuro the Spear-Bearer (Formicid Abyssal Knight)  Turns: 9549, Time: 00:16:12

Health: -1/71      AC: 13    Str: 21    XL:     9   Next: 50%
Magic:  13/13      EV:  6    Int: 11    God:    Lugonu [****..]
Gold:   332        SH:  0    Dex: 10    Spells: 8/8 levels left

rFire    . . .     SeeInvis +   a - +0 glaive
rCold    . . .     Faith    .   (no shield)
rNeg     . . .     Spirit   .   i - +1 plate armour
rPois    .         Reflect  .   (helmet unavailable)
rElec    .         Harm     .   e - scarf {repulsion}
rCorr    .         Rampage  .   (no gloves)
MR       .....                  (no boots)
Stlth    ..........             (no amulet)
HPRegen  0.21/turn              (no ring)
MPRegen  0.13/turn              (no ring)

@: repel missiles
A: permanent stasis, dig shafts and tunnels, four strong arms, antennae 3
a: Dig, Shaft Self, Depart the Abyss, Bend Space, Banish, Corrupt, Renounce
Religion


You were in a bailey.
You worshipped Lugonu.
Lugonu was greatly pleased with you.
You visited 2 branches of the dungeon, and saw 8 of its levels.
You visited the Abyss 1 time.
You also visited: Bailey.

You collected 332 gold pieces.

Inventory:

Hand Weapons
 a - a +0 glaive (weapon)
 b - a +0 broad axe
Missiles
 d - 3 boomerangs
 h - 191 stones
 l - 37 sling bullets
 n - 12 poisoned darts (quivered)
 t - a throwing net
 w - 4 boomerangs of dispersal
Armour
 e - a scarf of repulsion (worn)
 i - a +1 plate armour (worn)
 x - a +0 ring mail
Jewellery
 y - an uncursed ring of wizardry {unknown}
 D - an uncursed amulet of guardian spirit {unknown}
Wands
 q - a wand of iceblast (19)
 z - a wand of polymorph (4)
 C - a wand of flame (32)
Scrolls
 c - a scroll of remove curse
 f - a scroll of fog
 o - 2 scrolls of identify
 v - a scroll of amnesia
Potions
 j - 5 potions of curing
 m - 4 potions of flight
 p - 3 potions of brilliance {unknown}
 s - a potion of ambrosia {unknown}


   Skills:
 + Level 6.4 Fighting
 - Level 1.8(5.5) Axes
 * Level 8.2(8.4) Polearms
 - Level 0.2 Throwing
 + Level 6.1 Armour
 - Level 1.0 Dodging
 + Level 5.5 Invocations


You had 8 spell levels left.
You didn't know any spells.
Your spell library contained the following spells:

 Spells                   Type           Power        Failure   Level
 Animate Skeleton         Necr           #.....       100%        1
 Corona                   Hex            #......      100%        1
 Pain                     Necr           #...         100%        1
 Ensorcelled Hibernation  Hex/Ice        #.....       100%        2
 Confusing Touch          Hex            #.......     100%        3
 Dazzling Flash           Conj/Hex       #.....       100%        3
 Tukima's Dance           Hex            #.......     100%        3
 Vampiric Draining        Necr           #.........   100%        3
 Animate Dead             Necr           #.........   100%        4
 Agony                    Necr           #.......     100%        5


Dungeon Overview and Level Annotations

Branches:
Dungeon (7/15)             Temple (1/1) D:6          Bailey (1/1)

Altars:
Ashenzari
Cheibriados
Dithmenos
Elyvilon
Fedhas
Gozag
Hepliaklqana
Kikubaaqudgha
Makhleb
Nemelex Xobeh
Okawaru
Qazlal
Ru
Sif Muna
Trog
Uskayaw
Vehumet
Xom
Yredelemnul
Zin
The Shining One

Shops:
D:6 =

Annotations:
D:6 3 runed translucent doors, grandjackal's ghost, novice DsGl


Innate Abilities, Weirdness & Mutations

You cannot be hasted, slowed, berserked, paralysed or teleported.
You can dig through walls and to a lower floor.
Your four strong arms can wield two-handed weapons with a shield.
You have a pair of large antennae on your head. (SInv)


Message History

The orc warrior hits you with a +0 war axe!
* * * LOW HITPOINT WARNING * * *
You barely miss the orc warrior.
The orc warrior is moderately wounded.
The orc warrior hits you but does no damage.
You miss the orc warrior.
The orc warrior is moderately wounded.
The orc warrior hits you but does no damage.
You closely miss the orc warrior.
The orc warrior is moderately wounded.
The orc warrior barely misses you.
Your plate armour prevents you from hitting the orc warrior.
The orc warrior is moderately wounded.
The orc warrior hits you with a +0 war axe.
* * * LOW HITPOINT WARNING * * *
You closely miss the orc warrior.
The orc warrior is moderately wounded.
The orc warrior shouts!
The orc warrior hits you with a +0 war axe!
You die...

## ##. #.# ##########.###########
###.....((o((()o@.[.......##
..........(#########[......#
........#(## { ######..##
...⌠....#..#{ #..# #...#####
......# #..# { #..# #....#≈≈≈
#.....# '..####'####..' #).≈≈≈≈≈≈
..()..###..{^ {.. ^..{###[≈≈≈≈≈≈≈
≈≈).)(K.#oK####'####..#.≈≈≈≈≈≈≈≈#
≈≈≈≈≈≈≈o####.g{{{{{####≈≈≈≈≈≈###.


You could see 2 orc warriors.

Vanquished Creatures
  An orc knight (Bailey)
  2 black bears (D:6)
  An ice beast (D:6)
  An orc warrior (Bailey)
  A phantom (D:5)
  3 ogres
  A centaur (D:5)
  A bullfrog (D:3)
  2 scorpions
  A vampire bat (D:3)
  A centaur zombie (D:7)
  2 bullfrog skeletons
  An orc priest (D:3)
  3 orc wizards
  2 worker ants
  A worker ant zombie (D:5)
  A howler monkey zombie (D:5)
  3 gnolls (D:4)
  7 adders
  A shadow imp (D:6)
  3 white imps
  An ooze (D:2)
  An ufetubus (D:5)
  An adder skeleton (D:5)
  3 worms
  3 fire bats (D:3)
  6 leopard geckos
  20 orcs
  2 spectral bats (D:3)
  3 bat skeletons (D:3)
  A bat zombie (D:3)
  8 giant cockroaches
  10 goblins
  9 hobgoblins
  4 jackals
  15 kobolds
  7 quokkas
  2 ball pythons
  18 bats
  A bat simulacrum (D:3)
  5 frilled lizards
  A leopard gecko zombie (D:6)
  7 rats
167 creatures vanquished.

Vanquished Creatures (collateral kills)
  An orc warrior (D:7)
  An adder skeleton (D:7)
  2 orcs (D:7)
4 creatures vanquished.

Grand Total: 171 creatures vanquished

Notes
Turn   | Place    | Note
-------+----------+-------------------------------------------
     0 | Abyss:1  | heikuro the Formicid Abyssal Knight began the quest for the
                  | Orb.
     0 | Abyss:1  | Reached XP level 1. HP: 18/18 MP: 2/2
    32 | Abyss:1  | Noticed a raiju
    35 | D:1      | Escaped the Abyss
   265 | D:1      | Reached XP level 2. HP: 24/24 MP: 3/3
   327 | D:1      | Reached * piety under Lugonu
   522 | D:1      | Reached XP level 3. HP: 27/30 MP: 4/4
  1334 | D:2      | Reached skill level 3 in Polearms
  1912 | D:2      | Reached XP level 4. HP: 33/37 MP: 5/5
  2075 | D:2      | Reached ** piety under Lugonu
  2078 | D:2      | Reached skill level 1 in Dodging
  2117 | D:2      | Found a stormy altar of Qazlal.
  2124 | D:2      | Found a white marble altar of Elyvilon.
  2260 | D:3      | Noticed a bullfrog
  2298 | D:3      | Killed a bullfrog
  2298 | D:3      | Reached skill level 4 in Polearms
  2298 | D:3      | Reached XP level 5. HP: 25/42 MP: 6/6
  2841 | D:3      | Reached XP level 6. HP: 9/48 MP: 7/7
  3288 | D:3      | Reached skill level 5 in Polearms
  3674 | D:3      | Reached skill level 1 in Axes
  3881 | D:3      | Reached XP level 7. HP: 55/55 MP: 8/8
  4019 | D:3      | Reached *** piety under Lugonu
  4551 | D:4      | Found a shimmering blue altar of Sif Muna.
  5078 | D:5      | Entered Level 5 of the Dungeon
  5276 | D:5      | Reached skill level 6 in Polearms
  5531 | D:5      | Reached XP level 8. HP: 43/61 MP: 10/10
  5774 | D:5      | Reached skill level 5 in Fighting
  7376 | D:6      | Reached skill level 5 in Armour
  7389 | D:6      | Reached skill level 7 in Polearms
  7703 | D:6      | Found Aphialo's Jewellery Shop.
  7786 | D:6      | Found a staircase to the Ecumenical Temple.
  7946 | Temple   | Entered the Ecumenical Temple
  8689 | D:6      | Found a runed translucent gate.
  8689 | D:6      | Found a runed translucent gate.
  8689 | D:6      | Found a runed translucent gate.
  8694 | D:6      | Noticed grandjackal's ghost (novice DsGl)
  8902 | D:6      | Reached XP level 9. HP: 69/69 MP: 12/12
  9065 | D:7      | Reached **** piety under Lugonu
  9076 | D:7      | Found a flagged portal.
  9109 | Bailey   | Entered a bailey
  9115 | Bailey   | Noticed an orc knight
  9272 | Bailey   | Noticed an orc knight
  9383 | Bailey   | HP: 2/69 [orc knight/+0 broad axe (13)]
  9399 | Bailey   | Killed an orc knight
  9399 | Bailey   | Reached skill level 8 in Polearms
  9399 | Bailey   | Reached skill level 5 in Invocations
  9549 | Bailey   | Slain by an orc warrior

Illustrated notes

Levels and vault maps discovered:
D:1:      shiori_arrival_maze, layout_loops_corners
D:2:      layout_loops_corners, minitemple
D:3:      minmay_general_purpose_star, layout_rooms, goddamned_bats
D:4:      layout_loops_corners, led_sif_pool
D:5:      layout_basic
D:6:      layout_basic, minmay_temple_entry_drinking_statues, serial_shops,
          nicolae_shop_stone, gammafunk_ghost_necromancy, minivault_25,
          minmay_quadrilaterals
D:7:      layout_basic, old_standard_altar, enter_bailey_6, uniq_maggie
Temple:   dpeg_five_rooms_temple
Bailey:   bailey_axe_4, bailey

Skill      XL: |  1  2  3  4  5  6  7  8  9 |
---------------+----------------------------+-----
Polearms       | 3 4 5 6 7 8 |  8.2
Dodging        | 1 |  1.0
Fighting       | 4 5 6 |  6.4
Armour         | 3 4 5 6 |  6.1
Axes           | 1 |  1.8
Invocations    | 3 4 5 |  5.5
Throwing       | |  0.2

Action                   |  1- 3 |  4- 6 |  7- 9 || total
-------------------------+-------+-------+-------++-------
Melee: Spear             |   136 |   215 |    17 ||   368
       War axe           |       |    27 |    42 ||    69
       Halberd           |       |       |   168 ||   168
       Glaive            |       |       |    82 ||    82
Throw: Stone             |     2 |     5 |       ||     7
       Dart              |       |       |    43 ||    43
Invok: Depart the Abyss  |     1 |       |       ||     1
 Abil: Dig               |       |       |     2 ||     2
Evoke: Wand              |       |       |     1 ||     1
  Use: Scroll            |       |       |    14 ||    14
       Potion            |       |       |     2 ||     2
Armor: Scale mail        |    21 |       |       ||    21
       Leather armour    |     1 |       |       ||     1
       Plate armour      |    24 |   227 |   191 ||   442
       Ring mail         |       |       |    46 ||    46
Dodge: Dodged            |    41 |    96 |   237 ||   374
       Repelled          |       |       |     6 ||     6

Table legend: (Time is in decaauts)
 A = Elapsed time spent in this place.
 B = Non-inter-level travel time spent in this place.
 C = Inter-level travel time spent in this place.
 D = Time resting spent in this place.
 E = Time spent auto-exploring this place.
 F = Levels seen in this place.
 G = Mean time per level.
                   A        B        C        D        E       F      G
               +--------+--------+--------+--------+--------+-----+--------+
         Total |   9604 |   9162 |    442 |   2879 |   4379 |  10 |  960.4 |
       Dungeon |   8864 |   8471 |    393 |   2796 |   4155 |   7 | 1266.3 |
        Temple |    237 |    188 |     49 |      0 |    188 |   1 |  237.0 |
         Abyss |     35 |     35 |      0 |      0 |      2 |   1 |   35.0 |
        Bailey |    467 |    467 |      0 |     83 |     34 |   1 |  467.0 |
               +--------+--------+--------+--------+--------+-----+--------+

Top non-repeatable levels by time:
     D:5: 2082 daAuts
     D:2: 1598 daAuts
     D:6: 1497 daAuts
     D:3: 1419 daAuts
     D:1: 1098 daAuts
     D:4: 1064 daAuts
  Bailey: 467 daAuts
  Temple: 237 daAuts
     D:7: 102 daAuts
 Abyss:1: 35 daAuts
